 Dungeon Crawl Stone Soup version 0.31-a0-152-g6aa68a64a1 (webtiles) character file.

Game seed: 16471725959881231072

43 qw the Chopper (level 3, -2/23 HPs)
             Began as a Gargoyle Fighter on June 10, 2023.
             Slain by Natasha (5 damage)
             ... on level 2 of the Dungeon.
             The game lasted 00:00:30 (867 turns).

qw the Chopper (Gargoyle Fighter)                    Turns: 867, Time: 00:00:30

Health: -2/23      AC: 10    Str: 21    XL:     3   Next: 58%
Magic:  3/3        EV:  9    Int:  8    God:
Gold:   70         SH:  4    Dex:  9    Spells: 2/2 levels left

rFire   . . .        Y - +0 war axe
rCold   . . .        c - +0 buckler
rNeg    + . .        b - +0 scale mail
rPois   inf          (no helmet)
rElec   +            (no cloak)
rCorr   .            (no gloves)
SInv    .            (no boots)
Will    .....        (no amulet) Stlth
                     (no ring)
HPRegen 0.23/turn    (no ring)
MPRegen 0.08/turn

%: no passive effects
@: no status effects
A: sickness immunity, AC +3, negative energy resistance 1, electricity
resistance, torment resistance 1, petrification resistance
a: no special abilities


You were on level 2 of the Dungeon.
You visited 1 branch of the dungeon, and saw 2 of its levels.

You collected 70 gold pieces.


Innate Abilities, Weirdness & Mutations

You are immune to sickness and miasma.
Your stone body is resilient. (AC +3)
You are immune to poison.
You resist negative energy. (rN+)
You are resistant to electric shocks. (rElec)
You are resistant to unholy torment.
You are immune to petrification.


   Skills:
 - Level 3.2 Fighting
 + Level 3.5 Axes
 - Level 3.2 Armour
 - Level 3.2 Shields


You had 2 spell levels left.
You didn't know any spells.
Your spell library was empty.

Inventory:

Hand Weapons
 e - a +0 whip
 Y - a +0 war axe (weapon)
Armour
 b - a +0 scale mail (worn)
 c - a +0 buckler (worn)
Scrolls
 a - a scroll of silence {unknown}
 g - a scroll of identify
Potions
 d - 3 potions of might

Dungeon Overview and Level Annotations

Branches:
Dungeon (2/15)

Altars:

Annotations:
D:2 Natasha


Message History

The quokka bites you but does no damage.
The cerulean imp closely misses you.
Natasha zaps a wand.
The puff of flame misses you. The cerulean imp barely misses you.
The cerulean imp hits you but does no damage.
The quokka barely misses you.
You closely miss Natasha.
Natasha is heavily wounded.
You hit the cerulean imp but do no damage.
You closely miss the quokka.
The cerulean imp hits you from afar with a +1 spear.
Natasha claws you but does no damage.
The cerulean imp hits you but does no damage.
You block the cerulean imp's attack. The quokka closely misses you.
The cerulean imp closely misses you.
Natasha zaps a wand.
The puff of flame misses you.
You slash Natasha!
Natasha is almost dead.
You closely miss the cerulean imp. You barely miss the quokka.
The quokka misses you.
The cerulean imp hits you but does no damage. x2
You block the cerulean imp's attack.
The quokka bites you but does no damage.
Natasha stares at you and mumbles some strange words.
The magic dart hits you but does no damage.
The cerulean imp hits you but does no damage. x2
You barely miss Natasha.
Natasha is almost dead.
You hit the cerulean imp but do no damage.
You barely miss the quokka.
The cerulean imp disappears in a puff of smoke!
An endoplasm comes into view.
The quokka bites you but does no damage.
Natasha claws you but does no damage.
The cerulean imp hits you but does no damage.
You block the cerulean imp's attack. You block the quokka's attack.
You barely miss Natasha.
Natasha is almost dead.
You barely miss the cerulean imp. You barely miss the quokka.
Natasha claws you.
You die...

#.#####.....###
###...####
#...### #...#
#...# #...#
#.###
..########.#
.J....5@...#
......rh...#
.......ยค5..#
..#.......... #
#............
#.............
#.........^...
#.............


You could see Natasha, 2 cerulean imps, an endoplasm and a quokka.

Vanquished Creatures
  An adder (D:2)
  2 dart slugs
  2 bats (D:1)
  2 endoplasms (D:1)
  A giant cockroach (D:1)
  2 goblins (D:1)
  5 hobgoblins
  2 jackals (D:1)
  2 quokkas
  A ball python (D:1)
  2 frilled lizards
  3 kobolds
  2 rats (D:1)
27 creatures vanquished.

Notes
Turn   | Place    | Note
-------+----------+-------------------------------------------
     0 | D:1      | qw the Gargoyle Fighter began the quest for the Orb.
     0 | D:1      | Reached XP level 1. HP: 14/14 MP: 1/1
     0 | D:1      | 0 ||| qw: Version: 0.2-a-123-gb51047a
     0 | D:1      | 0 ||| qw: Game counter: 3736
     0 | D:1      | 0 ||| qw: Always use a shield: true
     0 | D:1      | 0 ||| qw: God list: Okawaru
     0 | D:1      | 0 ||| qw: Allow faded altars: false
     0 | D:1      | 0 ||| qw: Do Orc after D:15 true
     0 | D:1      | 0 ||| qw: Do second Lair branch before Depths: true
     0 | D:1      | 0 ||| qw: Lair rune preference: random
     0 | D:1      | 0 ||| qw: Plans: Normal, Zot:1-4, Slime:5, God:TSO, Crypt,
                  | Tomb, Abyss, Pan, Hells, Win
     0 | D:1      | 0 ||| PLANNING D:1-11
    31 | D:1      | 31 ||| Stepping ~*~*~tactically~*~*~ (hiding).
    34 | D:1      | 34 ||| Stepping ~*~*~tactically~*~*~ (hiding).
    57 | D:1      | Reached XP level 2. HP: 19/19 MP: 2/2
   160 | D:1      | 160 ||| FLEEEEING.
   379 | D:1      | Reached skill level 3 in Axes
   583 | D:1      | Reached XP level 3. HP: 23/23 MP: 3/3
   728 | D:1      | 728 ||| DROPPING ring of magical power.
   729 | D:1      | 729 ||| READING scroll labelled NUCHENE HEM.
   730 | D:1      | 730 ||| READING scroll labelled DAMACK UTZECEI.
   731 | D:1      | 731 ||| READING 2 scrolls labelled BURECZUE FITY.
   732 | D:1      | 732 ||| READING scroll labelled RESUGH KAHISSO.
   735 | D:1      | 735 ||| DRINKING 2 purple potions.
   741 | D:1      | 741 ||| DROPPING potion of ambrosia.
   818 | D:2      | Found a faded altar of an unknown god.
   851 | D:2      | Noticed Natasha
   862 | D:2      | HP: 3/23 [cerulean imp/+1 spear[Natasha] (3)]
   867 | D:2      | Slain by Natasha

Levels and vault maps discovered:
D:1:      tekkud_arrival_beachfront_property, layout_basic
D:2:      layout_basic, nicolae_ecumenical_pavilion, uniq_natasha,
          uniq_crazy_yiuf_cottage

Skill      XL: |  1  2 |
---------------+-------+-----
Axes           | 2 3 |  3.5
Fighting       | |  3.2
Armour         | |  3.2
Shields        | |  3.2

Action                     || total
---------------------------++-------
  Melee: War axe           ||    68
    Use: Scroll            ||     4
         Potion            ||     1
 Armour: Scale mail        ||    53
  Dodge: Dodged            ||    31
  Block: Buckler           ||    20

Table legend:
 A = Non-vault XP
 B = Vault XP
 C = Vault XP percentage of total XP
 D = Non-vault monster count
 E = Vault monster count
 F = Vault count percentage of total count
                 A         B        C        D         E       F
            +---------+---------+-------+---------+---------+-------
      Total |      62 |       0 |   0.0 |      27 |       0 |   0.0
            +---------+---------+-------+---------+---------+-------
        D:1 |      34 |       0 |   0.0 |      19 |       0 |   0.0
        D:2 |      28 |       0 |   0.0 |       8 |       0 |   0.0
            +---------+---------+-------+---------+---------+-------
